 Dungeon Crawl Stone Soup version 0.32-a0-779-g362cfcae2a (webtiles) character file.

Game seed: 18206318987460238993

610 Aldia the Apothecary (level 7, 0/45 HPs)
             Began as an Octopode Alchemist on Mar 19, 2024.
             Was an Initiate of Gozag.
             Slain by a lemure (3 damage)
             ... led by Pikel
             ... on level 6 of the Dungeon.
             The game lasted 00:08:38 (4347 turns).

Aldia the Apothecary (Octopode Alchemist)           Turns: 4347, Time: 00:08:39

Health: 0/45       AC:  1    Str:  7    XL:     7   Next: 43%
Magic:  5/12       EV: 17    Int: 20    God:    Gozag
Gold:   204        SH:  6    Dex: 18    Spells: 3/13 levels left

rFire   . . .        b - +1 dagger
rCold   . . .        f - +1 buckler
rNeg    . . .        (helmet restricted)
rPois   .            (no amulet)
rElec   .            r - +6 ring of dexterity
rCorr   .            v - +5 ring of evasion
SInv    .            (no ring)
Will    .....        (no ring)
Stlth   +++          (no ring)
HPRegen 0.27/turn    (no ring)
MPRegen 0.13/turn    (no ring)
                     (no ring)

%: no passive effects
@: gold aura
A: almost no armour, amphibious, 8 rings, camouflage 1, gelatinous body 1,
(nimble swimmer 1), tentacles
a: Renounce Religion, Potion Petition, Call Merchant, Bribe Branch


You were on level 6 of the Dungeon.
You worshipped Gozag.
Gozag was aware of your devotion.
You visited 2 branches of the dungeon, and saw 7 of its levels.

You collected 293 gold pieces.
You paid 89 gold pieces to Gozag.

Inventory:

Hand Weapons
 b - a +1 dagger (weapon)
Armour
 f - a +1 buckler (worn)
Jewellery
 r - a +6 ring of dexterity (left tentacle)
 v - a +5 ring of evasion (right tentacle)
 x - a ring of ice
Wands
 p - a wand of warping (4)
Scrolls
 c - 2 scrolls of torment {unknown}
 d - a scroll of fear {unknown}
 e - 3 scrolls of enchant armour
 g - 3 scrolls of teleportation
 j - 2 scrolls of identify {unknown}
 k - a scroll of fog {unknown}
 m - a scroll of amnesia {unknown}
 n - a scroll of summoning {unknown}
 q - a scroll of enchant weapon
 s - a scroll of vulnerability
 w - a scroll of noise {unknown}
Potions
 a - a potion of magic
 h - a potion of degeneration {unknown}
 i - a potion of heal wounds {unknown}
 l - a potion of haste
 o - a potion of brilliance {unknown}
 t - a potion of mutation {unknown}
 u - a potion of curing {unknown}


   Skills:
 + Level 2.1 Fighting
 - Level 2.0 Dodging
 - Level 3.0 Stealth
 + Level 3.3 Shields
 + Level 3.7 Spellcasting
 - Level 2.0 Conjurations
 - Level 2.0 Air Magic
 * Level 5.8 Alchemy


You had 3 spell levels left.
You knew the following spells:

 Your Spells              Type           Power      Damage    Failure   Level
a - Sting                 Conj/Alch      76%        1d7       4%          1
b - Mercury Vapours       Alch/Air       38%        N/A       6%          2
c - Mephitic Cloud        Conj/Alch/Air  16%        N/A       16%         3
d - Olgreb's Toxic Radia  Alch           27%        N/A       19%         4

Your spell library contained the following spells:

 Spells                   Type           Power      Damage    Failure   Level
 Apportation              Tloc           6%         N/A       21%         1
 Jinxbite                 Hex            6%         N/A       30%         2
 Alistair's Intoxication  Alch           18%        N/A       45%         5
 Sticky Flame             Fire/Alch      15%        2d5       52%         4
 Yara's Violent Unravell  Hex/Alch       7%         3d5       86%         5
 Enfeeble                 Hex            1%         N/A       100%        7
 Ozocubu's Refrigeration  Ice            1%         4d7       100%        7
 Discord                  Hex            1%         N/A       100%        8


Dungeon Overview and Level Annotations

Branches:
Dungeon (6/15)             Temple (1/1) D:5

Altars:
Ashenzari
Cheibriados
Dithmenos
Elyvilon
Gozag
Nemelex Xobeh
Okawaru
Qazlal
Ru
Trog
Uskayaw
Wu Jian
Yredelemnul
The Shining One

Annotations:
D:6 Pikel


Innate Abilities, Weirdness & Mutations

You cannot wear most types of armour.
You are amphibious.
You can wear up to eight rings at the same time.
Your skin changes colour to match your surroundings (Stealth+).
Your rubbery body absorbs attacks. (AC +1, EV +1)
((You are camouflaged when in or above water. (Stealth+)))
You have tentacles for arms and can constrict up to eight enemies at once.


Message History

Something hits you. Something shocks you.
* * * LOW HITPOINT WARNING * * *
Unknown command.
Unknown command.
Okay, then.
You barely miss something. Your squeeze misses something.
The orc wizard is no longer distracted by gold.
Something hits you.
* * * LOW HITPOINT WARNING * * *
Something shocks you.
* * * LOW HITPOINT WARNING * * *
Unknown command.
Unknown command.
Unknown command.
Okay, then.
Unknown command.
You block something's attack.
Unknown command.
Unknown command.
Your surroundings suddenly seem different.
Pikel and 4 lemures come into view.
Pikel is wielding a +0 whip of freezing and carrying a wand of warping.
Found a silvery potion.
Your attacks no longer feel as feeble.
Unknown command.
Unknown command.
The lemure shouts! x3; You hear an angry growl.
Pikel shouts!
The lemure shouts!
Unknown command.
Unknown command.
Casting: Sting (safe; 4% risk of failure)
Confirm with . or Enter, or press ? or * to list all spells.
Aiming: Mephitic Cloud (dangerous; 16% risk of failure)
Press: ? - help, Shift-Dir - straight line, f - lemure
Aim: a lemure (chance to affect: 77%)
The ball explodes into a vile cloud!
The stinking cloud engulfs the lemure. x4
The stinking cloud engulfs Pikel.
You hear a shout!
You feel a bit more experienced. The lemure hits you.
You die...
Your body crumbles into a pile of gold.

#. #. #.
. ##.
##.. ..
.....
.###.....
#........
#........
#@5......
#.§55...!
#.5K§....
#####...#
...# ###


You could see Pikel and 4 lemures.

Vanquished Creatures
  Edmund (D:4)
  Blork the orc (D:4)
  A scorpion (D:5)
  A bombardier beetle (D:4)
  An orc priest (D:3)
  2 hounds
  2 jellies (D:5)
  An iguana (D:4)
  Terence (D:3)
  A gnoll (D:1)
  5 adders
  A shadow imp (D:6)
  A white imp (D:5)
  3 dart slugs
  2 ribbon worms
  6 orcs
  9 endoplasms
  2 giant cockroaches (D:4)
  9 goblins
  5 hobgoblins
  5 quokkas
  10 ball pythons
  5 bats
  3 frilled lizards
  2 kobolds
  4 rats
84 creatures vanquished.

Notes
Turn   | Place    | Note
-------+----------+-------------------------------------------
     0 | D:1      | Aldia the Octopode Alchemist began the quest for the Orb.
     0 | D:1      | Reached XP level 1. HP: 11/11 MP: 3/3
   364 | D:1      | Reached XP level 2. HP: 15/17 MP: 0/5
   372 | D:1      | Learned a level 2 spell: Mercury Vapours
   678 | D:1      | Reached XP level 3. HP: 21/22 MP: 1/6
   779 | D:1      | Reached skill level 4 in Alchemy
   783 | D:1      | Learned a level 3 spell: Mephitic Cloud
  1106 | D:1      | Found a faded altar of an unknown god.
  1819 | D:3      | Reached skill level 1 in Fighting
  1822 | D:3      | Reached skill level 1 in Air Magic
  1900 | D:3      | Noticed Terence
  1910 | D:3      | Killed Terence
  1911 | D:3      | Reached XP level 4. HP: 24/28 MP: 1/7
  1921 | D:3      | Found a hide-covered altar of Uskayaw.
  2239 | D:3      | Reached skill level 1 in Shields
  2239 | D:3      | Reached XP level 5. HP: 20/33 MP: 2/9
  2567 | D:3      | Found a white marble altar of Elyvilon.
  2709 | D:3      | Became a worshipper of Elyvilon the Healer
  2902 | D:4      | Noticed Edmund
  2918 | D:4      | Killed Edmund
  2919 | D:4      | Reached XP level 6. HP: 27/38 MP: 4/10
  2924 | D:4      | Learned a level 4 spell: Olgreb's Toxic Radiance
  3198 | D:4      | Reached * piety under Elyvilon
  3200 | D:4      | Noticed Blork the orc
  3210 | D:4      | Killed Blork the orc
  3211 | D:4      | Reached skill level 5 in Alchemy
  3826 | D:5      | Entered Level 5 of the Dungeon
  3837 | D:5      | Reached XP level 7. HP: 43/43 MP: 12/12
  4050 | D:5      | Found a staircase to the Ecumenical Temple.
  4061 | D:5      | Reached ** piety under Elyvilon
  4225 | Temple   | Entered the Ecumenical Temple
  4239 | Temple   | Fell from the grace of Elyvilon
  4239 | Temple   | Became a worshipper of Gozag Ym Sagoz the Greedy
  4343 | D:6      | HP: 2/45 [something (5)]
  4345 | D:6      | Noticed Pikel
  4347 | D:6      | Slain by a lemure

Illustrated notes

Levels and vault maps discovered:
D:1:      roderic_octagonal_star, layout_basic, ebering_ecumenical_altar_hall
D:2:      layout_basic
D:3:      layout_basic, nicolae_uskayaw_suspiria, lemuel_coloured_pillars_altar,
          dk_noncrumbling_3, chequers_decorated_corner, uniq_terence
D:4:      layout_loops_corners, uniq_blork_the_orc, uniq_edmund
D:5:      layout_rooms, minmay_temple_entry_stoned_glass
D:6:      layout_loops_corners, mainiacjoe_overflow_big_doors, corner_web_ring,
          minmay_starry_boxes, uniq_maggie, uniq_duvessa, uniq_pikel
Temple:   nicolae_temple_slightly_damp_pantheon

Skill      XL: |  1  2  3  4  5  6  7 |
---------------+----------------------+-----
Stealth        | 3 |  3.0
Alchemy        | 4 5 |  5.8
Fighting       | 1 2 |  2.1
Air Magic      | 1 2 |  2.0
Shields        | 1 2 3 |  3.3
Spellcasting   | 3 |  3.7
Conjurations   | 2 |  2.0
Dodging        | |  2.0

Action                     |  1- 3 |  4- 6 |  7- 9 || total
---------------------------+-------+-------+-------++-------
  Melee: Dagger            |    24 |    43 |    15 ||    82
         Constrict         |     7 |    15 |     3 ||    25
         Tentacles         |     6 |     9 |     3 ||    18
   Cast: Sting             |    44 |    38 |    20 ||   102
         Mercury Vapours   |     3 |     2 |       ||     5
         Mephitic Cloud    |     1 |     1 |     1 ||     3
         Olgreb's Toxic Ra |       |       |     1 ||     1
    Use: Scroll            |     2 |     2 |     1 ||     5
         Potion            |       |     1 |       ||     1
   Stab: Sleeping          |     6 |     9 |     3 ||    18
         Confused          |     1 |     3 |       ||     4
 Armour: Skin              |    11 |    17 |    17 ||    45
  Dodge: Dodged            |    14 |    15 |     8 ||    37
  Block: Buckler           |     3 |    10 |     7 ||    20

Table legend: (Time is in decaauts)
 A = Elapsed time spent in this place.
 B = Non-inter-level travel time spent in this place.
 C = Inter-level travel time spent in this place.
 D = Time resting spent in this place.
 E = Time spent auto-exploring this place.
 F = Levels seen in this place.
 G = Mean time per level.
                   A        B        C        D        E       F      G
               +--------+--------+--------+--------+--------+-----+--------+
         Total |   4333 |   4123 |    210 |     40 |   3378 |   7 |  619.0 |
       Dungeon |   4304 |   4107 |    197 |     40 |   3378 |   6 |  717.3 |
        Temple |     28 |     15 |     13 |      0 |      0 |   1 |   28.0 |
               +--------+--------+--------+--------+--------+-----+--------+

Top non-repeatable levels by time:
     D:1: 1292 daAuts
     D:4: 1066 daAuts
     D:3: 944 daAuts
     D:2: 508 daAuts
     D:5: 472 daAuts
  Temple: 28 daAuts
     D:6: 20 daAuts
